 Dungeon Crawl Stone Soup version 0.30-a0-1043-g60ff8d5f49 (webtiles) character file.

Game seed: 16160739670512925944

67 Esekla the Sneak (level 4, 0/31 HPs)
             Began as an Octopode Delver on Apr 9, 2023.
             Slain by an orc
             ... wielding a +0 mace
              (4 damage)
             ... in the Ecumenical Temple.
             The game lasted 00:02:59 (115 turns).

Esekla the Sneak (Octopode Delver)                   Turns: 115, Time: 00:03:00

Health: 0/31       AC:  1    Str: 11    XL:     4   Next: 18%
Magic:  3/5        EV: 13    Int: 14    God:
Gold:   15         SH:  0    Dex: 13    Spells: 5/5 levels left

rFire   . . .      SeeInvis .    a - +0 falchion
rCold   . . .      Faith    .    (no shield)
rNeg    . . .      Spirit   .    (helmet restricted)
rPois   .          Reflect  .    (no amulet)
rElec   .          Rampage  .    (no ring)
rCorr   .                        (no ring)
Will    .....                    (no ring)
Stlth   +++++                    (no ring)
HPRegen 0.25/turn                (no ring)
MPRegen 0.09/turn                (no ring)
                                 (no ring)
                                 (no ring)

@: no status effects
A: almost no armour, amphibious, 8 rings, camouflage 1, gelatinous body 1,
(nimble swimmer 1), tentacles
a: no special abilities


You were in the Ecumenical Temple.
You visited 2 branches of the dungeon, and saw 2 of its levels.

You collected 15 gold pieces.

Inventory:

Hand Weapons
 a - a +0 falchion (weapon)
Wands
 f - a wand of digging (3)
Scrolls
 b - a scroll of fog
 c - a scroll of teleportation {unknown}


   Skills:
 * Level 3.4 Fighting
 * Level 2.4 Long Blades
 * Level 2.4 Dodging
 + Level 7.5 Stealth
 * Level 1.0 Spellcasting


You had 5 spell levels left.
You didn't know any spells.
Your spell library was empty.

Dungeon Overview and Level Annotations

Branches:
Dungeon (5/15)             Temple (1/1) D:5

Altars:
Cheibriados
Gozag
Kikubaaqudgha

Portals:
Sewer: D:5


Innate Abilities, Weirdness & Mutations

You cannot wear most types of armour.
You are amphibious.
You can wear up to eight rings at the same time.
Your skin changes colour to match your surroundings (Stealth+).
Your rubbery body absorbs attacks. (AC +1, EV +1)
((You are camouflaged when in or above water. (Stealth+)))
You have tentacles for arms and can constrict up to eight enemies at once.


Message History

There is a staircase back to the Dungeon here.
You miss the adder. Your grab misses the adder.
You feel sick. The adder closely misses you.
You hit the adder but do no damage. You grab the adder. You squeeze the adder!
The adder is heavily wounded.
You constrict the adder.
You feel sick. The adder completely misses you. The adder bites you.
You barely miss the adder.
The adder is severely wounded.
You constrict the adder.
You feel sick.
You are no longer poisoned.
The adder bites you but does no damage.
You hit the adder.
You squeeze the adder, but do no damage.
The adder is almost dead.
You constrict the adder.
You kill the adder!
Your Spellcasting skill increases to level 1!
You can't go down here!
You climb upwards.
You hear the sound of rushing water.
There is an entrance to a sewer on this level.
Hurry and find it before the portal rusts away!
The orc completely misses you. The orc hits you with a +0 mace.
* * * LOW HITPOINT WARNING * * *
There is a staircase to the Ecumenical Temple here.
You hit the orc but do no damage. You grab the orc.
You constrict the orc, but do no damage.
The orc misses you.
You release your grip on the orc.
The orc hits you with a +0 mace.
* * * LOW HITPOINT WARNING * * *
You climb downwards.
Welcome back to the Ecumenical Temple!
There is a staircase back to the Dungeon here.
You barely miss the orc. You grab the orc. You squeeze the orc.
The orc is lightly wounded.
You constrict the orc, but do no damage.
The orc barely misses you.
You hit the orc.
The orc is moderately wounded.
You constrict the orc. The orc hits you with a +0 mace.
You die...

###############
####.............#
..........@.......
..........o.......
........##.##.....
........#...#.....
.........._.......
..##.##.#...#.##.#
..#...#.##.##.# .
...._..........
#.#...#.##.##.#.


You could see an orc.

Vanquished Creatures
  A scorpion (Temple)
  An adder (Temple)
  An orc (D:5)
3 creatures vanquished.

Notes
Turn   | Place    | Note
-------+----------+-------------------------------------------
     0 | D:5      | Esekla the Octopode Delver began the quest for the Orb.
     0 | D:5      | Reached XP level 1. HP: 16/16 MP: 1/1
    34 | D:5      | Noticed an iguana
    37 | D:5      | Found a glowing drain.
    54 | D:5      | Noticed a scorpion
    59 | D:5      | Found a staircase to the Ecumenical Temple.
    77 | Temple   | Entered the Ecumenical Temple
    85 | Temple   | Killed a scorpion
    86 | Temple   | Reached skill level 7 in Stealth
    86 | Temple   | Reached XP level 2. HP: 12/21 MP: 1/3
    86 | Temple   | Reached XP level 3. HP: 15/26 MP: 1/4
    86 | Temple   | Reached XP level 4. HP: 18/31 MP: 1/5
   109 | Temple   | Reached skill level 1 in Spellcasting
   115 | Temple   | Slain by an orc

Illustrated notes

Levels and vault maps discovered:
D:5:      lemuel_ice_spiral_2, layout_rooms, minmay_temple_entry_trees,
          serial_shops, nicolae_shop_behind_doors, cheibrodos_sewer_entry_drain,
          uniq_edmund
Temple:   nicolae_temple_elliptical

Skill      XL: |  1  2  3  4 |
---------------+-------------+-----
Stealth        | 7 |  7.5
Spellcasting   | 1 |  1.0
Fighting       | |  3.4
Long Blades    | |  2.4
Dodging        | |  2.4

Action                     |  1- 3 |  4- 6 || total
---------------------------+-------+-------++-------
  Melee: Falchion          |    12 |     7 ||    19
         Tentacles         |     4 |     3 ||     7
         Constrict         |     3 |     3 ||     6
    Use: Scroll            |     2 |       ||     2
         Potion            |     1 |       ||     1
 Armour: Skin              |       |     1 ||     1
  Dodge: Dodged            |     6 |     7 ||    13

Table legend: (Time is in decaauts)
 A = Elapsed time spent in this place.
 B = Non-inter-level travel time spent in this place.
 C = Inter-level travel time spent in this place.
 D = Time resting spent in this place.
 E = Time spent auto-exploring this place.
 F = Levels seen in this place.
 G = Mean time per level.
                   A        B        C        D        E       F      G
               +--------+--------+--------+--------+--------+-----+--------+
         Total |    101 |    101 |      0 |      0 |      0 |   2 |   50.5 |
       Dungeon |     70 |     70 |      0 |      0 |      0 |   1 |   70.0 |
        Temple |     31 |     31 |      0 |      0 |      0 |   1 |   31.0 |
               +--------+--------+--------+--------+--------+-----+--------+

Top non-repeatable levels by time:
     D:5: 70 daAuts
  Temple: 31 daAuts
